TOP OF THE 1ST |
Santa Fe Diablos batting - Pitching for Wichita Wranglers : RHP Eric Hunt
|
Pitching: RHP Eric Hunt
|
|
Batting: RHB Emílio Bruno
|
0-0: Ball 1-0: Foul Ball, location: 2F 1-1: Swinging Strike 1-2: Ball 2-2: Ball 3-2: Foul Ball, location: 2F 3-2: Strikes out swinging
|
Batting: RHB Robinson Pacheco
|
0-0: Foul Ball, location: 2F 0-1: Swinging Strike 0-2: Ground out 4-3 (Groundball, 4)
|
Batting: SHB António Hernández
|
0-0: Ball 1-0: Ball 2-0: Ball 3-0: Called Strike 3-1: Foul Ball, location: 2F 3-2: Base on Balls
|
Batting: RHB Carl Martin
|
0-0: Called Strike 0-1: Called Strike 0-2: Foul Ball, location: 2F 0-2: Ball 1-2: Strikes out swinging
|
Top of the 1st over - 0 run(s), 0 hit(s), 0 error(s), 1 left on base; Santa Fe 0 - Wichita 0 |
BOTTOM OF THE 1ST |
Wichita Wranglers batting - Pitching for Santa Fe Diablos : RHP Honorato Mota
|
Pitching: RHP Honorato Mota
|
|
Batting: SHB Martín Medina
|
0-0: SOLO HOME RUN (Flyball, 9LD), Distance : 343 ft
|
Batting: LHB Eric Peterson
|
0-0: Called Strike 0-1: Foul Ball, location: 2F 0-2: Ball 1-2: Strikes out swinging
|
Batting: RHB Bob Hall
|
0-0: Swinging Strike 0-1: Foul Ball, location: 2F 0-2: Strikes out swinging
|
Batting: RHB Norberto Taváres
|
0-0: Ball 1-0: Called Strike 1-1: Fly out, F4 (Popup, 4)
|
Bottom of the 1st over - 1 run(s), 1 hit(s), 0 error(s), 0 left on base; Santa Fe 0 - Wichita 1 |
TOP OF THE 2ND |
Santa Fe Diablos batting - Pitching for Wichita Wranglers : RHP Eric Hunt
|
Batting: RHB Júlio López
|
0-0: Called Strike 0-1: Ground out U3 (Groundball, 3)
|
Batting: LHB Don Soper
|
0-0: Ground out 4-3 (Groundball, 4)
|
Batting: RHB Michael Anderson
|
0-0: Foul Ball, location: 2F 0-1: Foul Ball, location: 2F 0-2: Ball 1-2: Strikes out swinging
|
Top of the 2nd over - 0 run(s), 0 hit(s), 0 error(s), 0 left on base; Santa Fe 0 - Wichita 1 |
BOTTOM OF THE 2ND |
Wichita Wranglers batting - Pitching for Santa Fe Diablos : RHP Honorato Mota
|
Batting: RHB Javier Coronado
|
0-0: Ball 1-0: Called Strike 1-1: Swinging Strike 1-2: Strikes out swinging
|
Batting: RHB Hamilton Holbrook
|
0-0: Ball 1-0: Foul Ball, location: 2F 1-1: Ball 2-1: SINGLE (Flyball, 9S)
|
Batting: RHB Tom Howe
|
0-0: Ball 1-0: Called Strike 1-1: SINGLE (Groundball, 56D) Hamilton Holbrook to second
|
Batting: RHB Dave Henderson
|
0-0: Foul Ball, location: 2F 0-1: Foul Ball, location: 2F 0-2: Ball 1-2: Ball 2-2: Fly out, F7 (Flyball, 78M)
|
Batting: SHB Shane Hutchinson
|
0-0: Ball 1-0: Called Strike 1-1: Swinging Strike 1-2: Ball 2-2: Foul Ball, location: 2F 2-2: TRIPLE (Flyball, 78M) Hamilton Holbrook scores Tom Howe scores
|
Batting: SHB Martín Medina
|
0-0: Ball 1-0: Fly out, F5 (Popup, 5SF)
|
Bottom of the 2nd over - 2 run(s), 3 hit(s), 0 error(s), 1 left on base; Santa Fe 0 - Wichita 3 |
TOP OF THE 3RD |
Santa Fe Diablos batting - Pitching for Wichita Wranglers : RHP Eric Hunt
|
Batting: RHB Ray Davis
|
0-0: Called Strike 0-1: Ball 1-1: Fly out, F7 (Line Drive, 78S)
|
Batting: RHB Jorge Rodríguez
|
0-0: Called Strike 0-1: Ball 1-1: Ball 2-1: Ball 3-1: Base on Balls
|
Batting: RHB Emílio Bruno
|
0-0: Ball 1-0: Called Strike 1-1: Ball 2-1: Ball 3-1: Ground out 4-3 (Groundball, 4S) Jorge Rodríguez to second
|
Batting: RHB Robinson Pacheco
|
0-0: Ball 1-0: Foul Ball, location: 2F 1-1: Foul Ball, location: 2F 1-2: Foul Ball, location: 2F 1-2: Ball 2-2: Foul Ball, location: 2F 2-2: Fly out, F8 (Line Drive, 78XD)
|
Top of the 3rd over - 0 run(s), 0 hit(s), 0 error(s), 1 left on base; Santa Fe 0 - Wichita 3 |
BOTTOM OF THE 3RD |
Wichita Wranglers batting - Pitching for Santa Fe Diablos : RHP Honorato Mota
|
Batting: LHB Eric Peterson
|
0-0: Ball 1-0: Ball 2-0: Called Strike 2-1: Ground out 5-3 (Groundball, 5)
|
Batting: RHB Bob Hall
|
0-0: Called Strike 0-1: Swinging Strike 0-2: Ground out 5-3 (Groundball, 6)
|
Batting: RHB Norberto Taváres
|
0-0: Ball 1-0: Ball 2-0: Foul Ball, location: 2F 2-1: Foul Ball, location: 2F 2-2: Fly out, F8 (Flyball, 8LM)
|
Bottom of the 3rd over - 0 run(s), 0 hit(s), 0 error(s), 0 left on base; Santa Fe 0 - Wichita 3 |
TOP OF THE 4TH |
Santa Fe Diablos batting - Pitching for Wichita Wranglers : RHP Eric Hunt
|
Batting: SHB António Hernández
|
0-0: Called Strike 0-1: Foul Ball, location: 2F 0-2: Foul Ball, location: 2F 0-2: Ground out U3 (Groundball, 3)
|
Batting: RHB Carl Martin
|
0-0: Ball 1-0: Called Strike 1-1: Foul Ball, location: 2F 1-2: Ball 2-2: Ball 3-2: Base on Balls
|
Batting: RHB Júlio López
|
0-0: Called Strike Carl Martin steals 2nd base 0-1: Ball 1-1: Called Strike 1-2: Ball 2-2: Ground out 6-3 (Groundball, 6M) Carl Martin to third
|
Batting: LHB Don Soper
|
0-0: Ball 1-0: Called Strike 1-1: Swinging Strike 1-2: DOUBLE (Line Drive, 3L) Carl Martin scores
|
Batting: RHB Michael Anderson
|
0-0: Foul Ball, location: 2F 0-1: Foul Ball, location: 2F 0-2: Foul Ball, location: 2F 0-2: Ball 1-2: Ball 2-2: Strikes out swinging
|
Top of the 4th over - 1 run(s), 1 hit(s), 0 error(s), 1 left on base; Santa Fe 1 - Wichita 3 |
BOTTOM OF THE 4TH |
Wichita Wranglers batting - Pitching for Santa Fe Diablos : RHP Honorato Mota
|
Batting: RHB Javier Coronado
|
0-0: Ball 1-0: Foul Ball, location: 2F 1-1: Ground out U3 (Groundball, 3)
|
Batting: RHB Hamilton Holbrook
|
0-0: Swinging Strike 0-1: Ball 1-1: Ground out 6-3 (Groundball, 6M)
|
Batting: RHB Tom Howe
|
0-0: Called Strike 0-1: Hit by Pitch
|
Batting: RHB Dave Henderson
|
0-0: Ball Throwing error on steal attempt, E2 Tom Howe to third 1-0: Ball 2-0: Ball 3-0: Called Strike 3-1: Called Strike 3-2: Ground out 6-3 (Groundball, 6)
|
Bottom of the 4th over - 0 run(s), 0 hit(s), 1 error(s), 1 left on base; Santa Fe 1 - Wichita 3 |
TOP OF THE 5TH |
Santa Fe Diablos batting - Pitching for Wichita Wranglers : RHP Eric Hunt
|
Batting: RHB Ray Davis
|
0-0: Ball 1-0: Ball 2-0: Ball 3-0: Called Strike 3-1: SINGLE (Line Drive, 56)
|
Batting: RHB Jorge Rodríguez
|
0-0: Called Strike 0-1: Grounds into double play, 4-6-3 (Groundball, 4)
|
Batting: RHB Emílio Bruno
|
0-0: Ball 1-0: Called Strike 1-1: SOLO HOME RUN (Flyball, 78XD), Distance : 387 ft
|
Batting: RHB Robinson Pacheco
|
0-0: Called Strike 0-1: Called Strike 0-2: Ball 1-2: Strikes out swinging
|
Top of the 5th over - 1 run(s), 2 hit(s), 0 error(s), 0 left on base; Santa Fe 2 - Wichita 3 |
BOTTOM OF THE 5TH |
Wichita Wranglers batting - Pitching for Santa Fe Diablos : RHP Honorato Mota
|
Batting: SHB Shane Hutchinson
|
0-0: Called Strike 0-1: Ball 1-1: Called Strike 1-2: Ball 2-2: Ground out 6-3 (Groundball, 6M)
|
Batting: SHB Martín Medina
|
0-0: Foul Ball, location: 2F 0-1: Called Strike 0-2: Strikes out swinging
|
Batting: LHB Eric Peterson
|
0-0: Ball 1-0: Ball 2-0: Ball 3-0: Called Strike 3-1: Called Strike 3-2: Ground out 1-3 (Groundball, 13S)
|
Bottom of the 5th over - 0 run(s), 0 hit(s), 0 error(s), 0 left on base; Santa Fe 2 - Wichita 3 |
TOP OF THE 6TH |
Santa Fe Diablos batting - Pitching for Wichita Wranglers : RHP Eric Hunt
|
Batting: SHB António Hernández
|
0-0: Swinging Strike 0-1: Called Strike 0-2: Ground out 6-3 (Groundball, 6M)
|
Batting: RHB Carl Martin
|
0-0: Swinging Strike 0-1: Called Strike 0-2: Foul Ball, location: 2F 0-2: Fly out, F8 (Flyball, 8LD)
|
Batting: RHB Júlio López
|
0-0: Ball 1-0: Ball 2-0: Ball 3-0: Called Strike 3-1: Ground out 5-3 (Groundball, 15S)
|
Top of the 6th over - 0 run(s), 0 hit(s), 0 error(s), 0 left on base; Santa Fe 2 - Wichita 3 |
BOTTOM OF THE 6TH |
Wichita Wranglers batting - Pitching for Santa Fe Diablos : RHP Honorato Mota
|
Batting: RHB Bob Hall
|
0-0: Called Strike 0-1: Swinging Strike 0-2: Ball 1-2: Foul Ball, location: 2F 1-2: Foul Ball, location: 2F 1-2: Ball 2-2: SOLO HOME RUN (Flyball, 7LD), Distance : 352 ft
|
Batting: RHB Norberto Taváres
|
0-0: Ground out 5-3 (Groundball, 5S)
|
Batting: RHB Javier Coronado
|
0-0: Ball 1-0: Ball 2-0: Ball 3-0: Base on Balls
|
Batting: RHB Hamilton Holbrook
|
0-0: Called Strike 0-1: Ball 1-1: Ball 2-1: SINGLE (Line Drive, 7S) Javier Coronado to second
|
Batting: RHB Tom Howe
|
0-0: Ball 1-0: Ball 2-0: Ball 3-0: Called Strike 3-1: Fielders Choice at 2nd, 6-4 (Groundball, 6) Javier Coronado to third
|
Pitching: LHP Doug Starks
|
|
Batting: RHB Dave Henderson
|
0-0: Swinging Strike 0-1: Swinging Strike 0-2: Ball 1-2: Strikes out swinging
|
Bottom of the 6th over - 1 run(s), 2 hit(s), 0 error(s), 2 left on base; Santa Fe 2 - Wichita 4 |
TOP OF THE 7TH |
Santa Fe Diablos batting - Pitching for Wichita Wranglers : RHP Eric Hunt
|
Pitching: LHP Francisco Martínez
|
|
Batting: LHB Don Soper
|
0-0: Called Strike 0-1: Ball 1-1: Ball 2-1: Swinging Strike 2-2: Foul Ball, location: 2F 2-2: Fly out, F8 (Line Drive, 8LS)
|
Batting: RHB Michael Anderson
|
0-0: Fly out, F9 (Line Drive, 9M)
|
Batting: RHB Ray Davis
|
0-0: Ball 1-0: Ground out 6-3 (Groundball, 6)
|
Top of the 7th over - 0 run(s), 0 hit(s), 0 error(s), 0 left on base; Santa Fe 2 - Wichita 4 |
BOTTOM OF THE 7TH |
Wichita Wranglers batting - Pitching for Santa Fe Diablos : LHP Doug Starks
|
Batting: SHB Shane Hutchinson
|
0-0: Called Strike 0-1: Foul Ball, location: 2F 0-2: Strikes out swinging
|
Batting: SHB Martín Medina
|
0-0: Called Strike 0-1: Ball 1-1: Ball 2-1: Ball 3-1: Base on Balls
|
Batting: LHB Eric Peterson
|
0-0: Ball Martín Medina is caught stealing 2nd base 1-0: Called Strike 1-1: Ball 2-1: Foul Ball, location: 2F 2-2: Strikes out looking
|
Bottom of the 7th over - 0 run(s), 0 hit(s), 0 error(s), 0 left on base; Santa Fe 2 - Wichita 4 |
TOP OF THE 8TH |
Santa Fe Diablos batting - Pitching for Wichita Wranglers : LHP Francisco Martínez
|
Batting: RHB Jorge Rodríguez
|
0-0: Ball 1-0: Foul Ball, location: 2F 1-1: Swinging Strike 1-2: Strikes out swinging
|
Batting: RHB Emílio Bruno
|
0-0: Ball 1-0: Swinging Strike 1-1: Ball 2-1: Called Strike 2-2: Ball 3-2: Base on Balls
|
Pitching: LHP Tommy Campbell
|
|
Batting: RHB Robinson Pacheco
|
0-0: Ball 1-0: SINGLE (Line Drive, 5) Emílio Bruno to second
|
Batting: SHB António Hernández
|
0-0: Called Strike 0-1: Called Strike 0-2: SINGLE (Groundball, 4MD) Emílio Bruno to third Robinson Pacheco to second Runner from 3rd tries for Home, SAFE, no throw or cutoff
|
Batting: RHB Carl Martin
|
0-0: Foul Ball, location: 2F 0-1: Foul Ball, location: 2F 0-2: Strikes out swinging
|
Batting: RHB Júlio López
|
0-0: Ball 1-0: SINGLE (Groundball, 6MD) Robinson Pacheco to third António Hernández to second Runner from 3rd tries for Home, SAFE, no throw or cutoff
|
Pinch Hitting: RHB Orlando González
|
0-0: Ball 1-0: Ball 2-0: SINGLE (Groundball, 34D) António Hernández to third Júlio López to second Runner from 3rd tries for Home, SAFE, no throw or cutoff
|
Batting: RHB Michael Anderson
|
0-0: Ball 1-0: Called Strike 1-1: SINGLE (Line Drive, 8RS) Júlio López to third Orlando González to second Runner from 3rd tries for Home, SAFE, no throw or cutoff
|
Pitching: RHP Reginaldo Coscia
|
|
Batting: RHB Ray Davis
|
0-0: Ball 1-0: Ball 2-0: Called Strike 2-1: Ball 3-1: Fielders Choice at 2nd, U6 (Groundball, 6M)
|
Top of the 8th over - 4 run(s), 5 hit(s), 0 error(s), 2 left on base; Santa Fe 6 - Wichita 4 |
BOTTOM OF THE 8TH |
Wichita Wranglers batting - Pitching for Santa Fe Diablos : LHP Doug Starks
|
Now at 3B: Orlando González
|
|
Now in CF: Richard Wilkins
|
|
Batting: RHB Bob Hall
|
0-0: Ground out 6-3 (Groundball, 6)
|
Batting: RHB Norberto Taváres
|
0-0: Ball 1-0: Foul Ball, location: 2F 1-1: Foul Ball, location: 2F 1-2: Ball 2-2: Ball 3-2: Base on Balls
|
Pitching: RHP David Sheppard
|
|
Batting: RHB Javier Coronado
|
0-0: Fly out, F8 (Flyball, 89D)
|
Batting: RHB Hamilton Holbrook
|
0-0: Ball 1-0: Called Strike 1-1: Swinging Strike 1-2: Ball 2-2: Strikes out swinging
|
Bottom of the 8th over - 0 run(s), 0 hit(s), 0 error(s), 1 left on base; Santa Fe 6 - Wichita 4 |
TOP OF THE 9TH |
Santa Fe Diablos batting - Pitching for Wichita Wranglers : RHP Reginaldo Coscia
|
Batting: RHB Jorge Rodríguez
|
0-0: Ball 1-0: Called Strike 1-1: Foul Ball, location: 2F 1-2: Strikes out looking
|
Batting: RHB Emílio Bruno
|
0-0: Ball 1-0: Foul Ball, location: 2F 1-1: Ground out 1-3 (Groundball, 23)
|
Batting: RHB Robinson Pacheco
|
0-0: Called Strike 0-1: Ball 1-1: Ball 2-1: Called Strike 2-2: Foul Ball, location: 2F 2-2: Ball 3-2: Base on Balls
|
Batting: SHB António Hernández
|
0-0: Called Strike 0-1: Foul Ball, location: 2F 0-2: Ball 1-2: Strikes out looking
|
Top of the 9th over - 0 run(s), 0 hit(s), 0 error(s), 1 left on base; Santa Fe 6 - Wichita 4 |
BOTTOM OF THE 9TH |
Wichita Wranglers batting - Pitching for Santa Fe Diablos : RHP David Sheppard
|
Pitching: RHP Kenshin Kubota
|
|
Now at 2B: George Adams
|
|
Batting: RHB Tom Howe
|
0-0: Ball 1-0: Ball 2-0: Swinging Strike 2-1: Ball 3-1: Called Strike 3-2: Strikes out swinging
|
Batting: RHB Dave Henderson
|
0-0: Foul Ball, location: 2F 0-1: Ground out 2-3 (Groundball, 2R)
|
Batting: SHB Shane Hutchinson
|
0-0: Ball 1-0: Ball 2-0: Foul Ball, location: 2F 2-1: Foul Ball, location: 2F 2-2: Foul Ball, location: 2F 2-2: Foul Ball, location: 2F 2-2: Ball 3-2: Strikes out swinging
|
Bottom of the 9th over - 0 run(s), 0 hit(s), 0 error(s), 0 left on base; Santa Fe 6 - Wichita 4 |
|